 Dungeon Crawl Stone Soup version 0.28.0-49-g6dfe1f597d (webtiles) character file.

Game seed: 14082842572014440005

19 Zeld the Skirmisher (level 2, -1/40 HPs)
             Began as a Minotaur Berserker on May 12, 2022.
             Was a Follower of Trog.
             Slain by an adder (3 damage)
             ... on level 2 of the Dungeon.
             The game lasted 00:00:41 (772 turns).

Zeld the Skirmisher (Minotaur Berserker)             Turns: 772, Time: 00:00:42

Health: -1/40      AC:  2    Str: 21    XL:     2   Next: 55%
Magic:  1/1        EV: 12    Int:  4    God:    Trog [*.....]
Gold:   4          SH:  0    Dex:  9    Spells: 1/1 levels left

rFire   . . .      SeeInvis .   a - +0 hand axe
rCold   . . .      Faith    .   (no shield)
rNeg    . . .      Spirit   .   b - +0 animal skin
rPois   .          Reflect  .   (helmet restricted)
rElec   .          Harm     .   (no cloak)
rCorr   .          Rampage  .   (no gloves)
Will    .....                   (no boots)
Stlth   ..........              (no amulet)
HPRegen 0.13/turn               (no ring)
MPRegen 0.07/turn               (no ring)

@: berserking, lethally poisoned (-1 -> -3), very quick
A: horns 2, retaliatory headbutt
a: Renounce Religion, Berserk


You were on level 2 of the Dungeon.
You worshipped Trog.
Trog was aware of your devotion.
You visited 1 branch of the dungeon, and saw 2 of its levels.

You collected 4 gold pieces.

Inventory:

Hand Weapons
 a - a +0 hand axe (weapon)
Armour
 b - a +0 animal skin (worn)
Scrolls
 c - a scroll of holy word {unknown}
 d - a scroll of magic mapping {unknown}


   Skills:
 * Level 4.0 Fighting
 * Level 4.0 Axes
 + Level 2.7 Armour
 + Level 2.4 Dodging


You had one spell level left.
You didn't know any spells.
Your spell library was empty.

Dungeon Overview and Level Annotations

Branches:
Dungeon (2/15)

Altars:


Innate Abilities, Weirdness & Mutations

You have a pair of horns on your head.
You reflexively headbutt those who attack you in melee.


Message History

You kill the kobold!
Trog accepts your kill.
You barely miss the rat.
You feel sick. The rat misses you. The adder barely misses you.
You barely miss the adder. You hit the rat but do no damage.
You feel sick. The adder closely misses you. The rat bites you.
You slash the adder!
The adder is almost dead.
You hit the rat but do no damage.
You feel sick. The adder closely misses you. The rat barely misses you.
The adder closely misses you.
You closely miss the adder.
The adder is almost dead.
You hit the rat but do no damage.
You feel sick.
You are no longer poisoned.
The rat barely misses you. The adder bites you.
You completely miss the adder.
The adder is almost dead.
You hit the kobold. You closely miss the rat. The adder bites you.
You are poisoned.
The adder poisons you! The rat bites you but does no damage.
The kobold barely misses you.
You are too injured to fight recklessly!
You are too injured to fight recklessly!
Unknown command.
You barely miss the rat. You barely miss the adder.
You closely miss the kobold.
You feel sick. The adder bites you. The rat bites you but does no damage.
The kobold barely misses you. The adder closely misses you.
Unknown command.
You barely miss the rat. You barely miss the adder.
You closely miss the kobold.
You feel sick. The rat barely misses you. The adder closely misses you.
The kobold hits you with a +0 whip.
* * * LOW HITPOINT WARNING * * *
Unknown command.
Okay, then.
A red film seems to cover your vision as you go berserk!
You feel yourself moving faster!
You feel mighty!
* * * LOW HITPOINT WARNING * * *
You feel sick. The adder bites you.
You die...

# #.... .##. ##. #.
..#... ##...#.
...####
#......###.##.. #
.......<...#.# #.##
#......##...##.K...
##.............#
##.###.#..K#####.#
# #.#...@rg...# #
#.###S..#.# ....
..$..# #.#.# .....#
#.#. .##.## # #. .#
# . .


You could see an adder, a goblin, a kobold and a rat.

Vanquished Creatures
  2 dart slugs (D:1)
  2 giant cockroaches (D:1)
  A hobgoblin (D:1)
  A kobold (D:2)
  A quokka (D:1)
  A ball python (D:1)
  3 bats (D:1)
  2 frilled lizards (D:1)
  2 rats (D:1)
15 creatures vanquished.

Notes
Turn   | Place    | Note
-------+----------+-------------------------------------------
     0 | D:1      | Zeld the Minotaur Berserker began the quest for the Orb.
     0 | D:1      | Reached XP level 1. HP: 19/19 MP: 0/0
   142 | D:1      | Found a faded altar of an unknown god.
   288 | D:1      | Reached XP level 2. HP: 27/27 MP: 1/1
   772 | D:2      | HP: 2/40 [poisoned by an adder]
   772 | D:2      | Slain by an adder

Illustrated notes

Levels and vault maps discovered:
D:1:      eino_arrival_cavern_b, layout_loops_ring,
          ebering_ecumenical_altar_abandoned
D:2:      layout_loops_ring

Skill      XL: |  1  2 |
---------------+-------+-----
Fighting       | 4 |  4.0
Axes           | 4 |  4.0
Armour         | |  2.7
Dodging        | |  2.4

Action                   || total
-------------------------++-------
Melee: Hand axe          ||    34
       Headbutt          ||     4
Invok: Berserk           ||     1
 Stab: Sleeping          ||     1
Armor: Animal skin       ||    10
Dodge: Dodged            ||    36
